 Dungeon Crawl Stone Soup version 0.25.1-2-g60ff931df9 (webtiles) character file.

Game seed: 3106188696068625098

66 Jukra the Chopper (level 3, -3/34 HPs)
             Began as a Minotaur Berserker on Aug 30, 2020.
             Was a Believer of Trog.
             Slain by Sigmund
             ... wielding a +0 scythe
              (12 damage)
             ... on level 2 of the Dungeon.
             The game lasted 00:04:39 (1114 turns).

Jukra the Chopper (Minotaur Berserker)              Turns: 1114, Time: 00:04:40

Health: -3/34      AC:  6    Str: 22    XL:     3   Next: 96%
Magic:  2/2        EV: 11    Int:  4    God:    Trog [**....]
Gold:   43         SH:  0    Dex:  9    Spells: 2/2 levels left

rFire    . . .     SeeInvis .   a - +0 hand axe
rCold    + . .     Gourm    .   (no shield)
rNeg     . . .     Faith    .   k - +1 ring mail {rC+}
rPois    .         Spirit   .   (helmet restricted)
rElec    .         Reflect  .   (no cloak)
rCorr    .         Harm     .   (no gloves)
MR       .....                  (no boots)
Stlth    ..........             (no amulet)
HPRegen  0.11/turn              (no ring)
MPRegen  0.08/turn              (no ring)

@: berserk cooldown, slowed, very slow
A: retaliatory headbutt, horns 2
a: Berserk, Trog's Hand, Renounce Religion


You were on level 2 of the Dungeon.
You worshipped Trog.
Trog was pleased with you.
You were not hungry.

You visited 1 branch of the dungeon, and saw 2 of its levels.

You collected 43 gold pieces.

Inventory:

Hand Weapons
 a - a +0 hand axe (weapon)
Armour
 i - a +0 plate armour
 k - a +1 ring mail of cold resistance (worn)
Scrolls
 b - a scroll of remove curse {unknown}
 d - 2 scrolls of blinking {unknown}
 e - a scroll of identify {unknown}
 f - a scroll of fog {unknown}
 h - a scroll of immolation {unknown}
 j - a scroll of magic mapping {unknown}
Potions
 l - a potion of might {unknown}
Comestibles
 c - 2 rations
 g - 2 chunks of flesh


   Skills:
 + Level 4.5 Fighting
 + Level 4.7 Axes
 + Level 2.8 Armour
 + Level 2.6 Dodging


You had 2 spell levels left.
You didn't know any spells.
Your spell library was empty.

Dungeon Overview and Level Annotations

Branches:
Dungeon (2/15)

Altars:

Annotations:
D:2 Sigmund


Innate Abilities, Weirdness & Mutations

You reflexively headbutt those who attack you in melee.
You have a pair of horns on your head.


Message History

You are confused.
The leopard gecko hisses angrily.
Sigmund hits you from afar with a +0 scythe.
Sigmund completely misses you.
You feel less confused.
Sigmund hits you from afar with a +0 scythe.
Sigmund barely misses you.
You hit Sigmund. You headbutt Sigmund, but do no damage.
Sigmund is lightly wounded.
Sigmund casts a spell at you.
You are confused.
You bump into the rock wall.
Sigmund hits you with a +0 scythe.
You barely miss Sigmund.
Sigmund is lightly wounded.
Sigmund hits you with a +0 scythe.
* * * LOW HITPOINT WARNING * * *
You bump into the rock wall.
Sigmund barely misses you.
You feel less confused.
Sigmund hits you from afar with a +0 scythe!
You die...

... ####### ...
.......##### .?>
##..........##..#
#>........#..#.#
###.......@.#....##.#
...........#.)....?.
#.........@l.?.....
#..........###.....
#<.........###.....
##..................
..#..........#..#.....
......†.)....#..# ...
........(....#.... .


You could see Sigmund and a leopard gecko.

Vanquished Creatures
  A gnoll (D:1)
  An adder (D:2)
  A dart slug (D:1)
  A leopard gecko (D:1)
  2 giant cockroaches (D:1)
  10 goblins (D:1)
  3 hobgoblins (D:1)
  6 kobolds
  A quokka (D:2)
  6 bats (D:1)
  5 frilled lizards
  8 rats (D:1)
45 creatures vanquished.

Notes
Turn   | Place    | Note
-------+----------+-------------------------------------------
     0 | D:1      | Jukra the Minotaur Berserker began the quest for the Orb.
     0 | D:1      | Reached XP level 1. HP: 19/19 MP: 0/0
   199 | D:1      | Reached XP level 2. HP: 26/27 MP: 1/1
   449 | D:1      | Reached ** piety under Trog
   504 | D:1      | Reached XP level 3. HP: 32/33 MP: 2/2
  1091 | D:2      | Noticed Sigmund
  1114 | D:2      | Slain by Sigmund

Illustrated notes

Levels and vault maps discovered:
D:1:      dpeg_arrival_ratfight, layout_rooms, minmay_quantized
D:2:      layout_rooms, minmay_snake_closets, uniq_sigmund

Skill      XL: |  1  2 |
---------------+-------+-----
Fighting       | 4 |  4.5
Axes           | 4 |  4.7
Armour         | |  2.8
Dodging        | |  2.6

Action                   || total
-------------------------++-------
Melee: Hand axe          ||    79
       Headbutt          ||    15
Invok: Berserk           ||     1
  Eat: Chunk             ||     1
Armor: Animal skin       ||     5
       Plate armour      ||    13
       Ring mail         ||     9
       Leather armour    ||     3
Dodge: Dodged            ||    69
